 Dungeon Crawl Stone Soup version 0.29.1-12-g30fa7ad0bf (webtiles) character file.

Game seed: 11002789024071361989

335 DildoBatman the Conjurer (level 6, -2/47 HPs)
             Began as a Formicid Conjurer on Jan 18, 2023.
             Slain by a kobold brigand
             ... wielding a +0 dagger
              (6 damage)
             ... on level 5 of the Dungeon.
             The game lasted 00:09:36 (3404 turns).

DildoBatman the Conjurer (Formicid Conjurer)        Turns: 3404, Time: 00:09:36

Health: -2/47      AC:  4    Str: 11    XL:     6   Next: 84%
Magic:  2/11       EV: 12    Int: 20    God:
Gold:   207        SH:  0    Dex: 12    Spells: 4/12 levels left

rFire   . . .      SeeInvis +   b - +2 whip (flame)
rCold   . . .      Faith    .   (no shield)
rNeg    . . .      Spirit   .   e - +0 robe
rPois   .          Reflect  .   (helmet unavailable)
rElec   .          Harm     .   x - +0 cloak
rCorr   .          Rampage  .   h - +0 pair of gloves
Will    .....                   (no boots)
Stlth   ++........              (no amulet)
HPRegen 0.15/turn               t - ring of flight
MPRegen 0.12/turn               (no ring)

@: flying, very slightly contaminated
A: permanent stasis, dig shafts and tunnels, antennae 3, four strong arms
a: Dig, Shaft Self


You were on level 5 of the Dungeon.
You visited 1 branch of the dungeon, and saw 5 of its levels.

You collected 207 gold pieces.

Inventory:

Hand Weapons
 a - a +0 sling
 b - a +2 whip of flaming (weapon)
 d - a +1 dagger of holy wrath
Missiles
 r - 6 poisoned darts
Armour
 e - a +0 robe (worn)
 h - a +0 pair of gloves (worn)
 x - a +0 cloak (worn)
Magical Staves
 v - a staff of poison
Jewellery
 t - a ring of flight (left hand)
Wands
 q - a wand of roots (8)
Scrolls
 k - a scroll of fog {unknown}
 m - 2 scrolls of noise {unknown}
 n - a scroll of brand weapon
 p - a scroll of fear
 s - a scroll of enchant armour {unknown}
 u - 3 scrolls of silence
 w - a scroll of blinking {unknown}
Potions
 c - a potion of magic
 f - a potion of might {unknown}
 g - a potion of heal wounds {unknown}
 i - 2 potions of lignification {unknown}
 j - 2 potions of brilliance {unknown}
 l - a potion of berserk rage {unknown}
 o - a potion of haste {unknown}
 y - 5 potions of flight {unknown}
 z - a potion of curing {unknown}


   Skills:
 - Level 3.0 Fighting
 - Level 3.0 Armour
 - Level 2.0 Dodging
 - Level 2.4 Stealth
 * Level 3.9 Spellcasting
 * Level 4.7 Conjurations


You had 4 spell levels left.
You knew the following spells:

 Your Spells              Type           Power      Damage    Failure   Level
a - Searing Ray           Conj           46%        2d6       2%          2
c - Magic Dart            Conj           92%        1d7       1%          1
d - Vampiric Draining     Necr           3%         2d6       36%         3
z - Sublimation of Blood  Necr           3%         N/A       21%         2

Your spell library contained the following spells:

 Spells                   Type           Power      Damage    Failure   Level
 Dazzling Flash           Conj/Hex       26%        N/A       14%         3
 Poisonous Vapours        Pois/Air       6%         N/A       21%         2
 Wereblood                Tmut           3%         N/A       21%         2
 Tukima's Dance           Hex            3%         N/A       36%         3
 Fulminant Prism          Conj/Hex       6%         3d7       43%         4
 Iskenderun's Mystic Bla  Conj/Tloc      13%        2d5       43%         4
 Anguish                  Hex/Necr       1%         N/A       78%         4
 Corpse Rot               Necr/Pois/Air  3%         N/A       78%         4
 Passage of Golubria      Tloc           3%         N/A       78%         4
 Yara's Violent Unravell  Hex/Tmut       1%         3d3       98%         5
 Summon Hydra             Summ           1%         N/A       100%        7


Dungeon Overview and Level Annotations

Branches:
Dungeon (5/15)
 Temple: D:4-7

Altars:
Fedhas


Innate Abilities, Weirdness & Mutations

You cannot be hasted, slowed, berserked, paralysed or teleported.
You can dig through walls and to a lower floor.
You have a pair of large antennae on your head. (SInv)
Your four strong arms can wield two-handed weapons with a shield.


Message History

A kobold brigand is nearby!
Casting: Searing Ray (safe; 2% risk of failure)
Confirm with . or Enter, or press ? or * to list all spells.
Aiming: Searing Ray (safe; 2% risk of failure)
Press: ? - help, Shift-Dir - straight line, f - kobold brigand
Aim: a kobold brigand, wielding a +0 dagger and quivering poisoned darts (72% to hit)
The searing ray hits the kobold brigand!
The kobold brigand is heavily wounded. (Press . to maintain the ray.)
The kobold brigand hits you but does no damage.
The searing ray hits the kobold brigand.
The kobold brigand is heavily wounded.
The kobold brigand hits you with a +0 dagger.
The searing ray hits the kobold brigand.
The kobold brigand is severely wounded.
The kobold brigand hits you with a +0 dagger.
The searing ray hits the kobold brigand!
The kobold brigand is almost dead.
You finish channelling your searing ray.
The kobold brigand hits you with a +0 dagger!
Casting: Searing Ray (safe; 2% risk of failure)
Confirm with . or Enter, or press ? or * to list all spells.
Aiming: Searing Ray (safe; 2% risk of failure)
Press: ? - help, Shift-Dir - straight line, f/p - kobold brigand
Aim: a kobold brigand, wielding a +0 dagger and quivering poisoned darts (almost dead, 72% to hit)
You miscast Searing Ray.
You are very lightly contaminated with residual magic.
Nothing appears to happen.
The kobold brigand hits you with a +0 dagger.
The kobold brigand hits you with a +0 dagger.
Casting: Searing Ray (safe; 2% risk of failure)
Confirm with . or Enter, or press ? or * to list all spells.
Aiming: Searing Ray (safe; 2% risk of failure)
Press: ? - help, Shift-Dir - straight line, f/p - kobold brigand
Aim: a kobold brigand, wielding a +0 dagger and quivering poisoned darts (almost dead, 72% to hit)
The searing ray hits the kobold brigand but does no damage.
The kobold brigand is almost dead. (Press . to maintain the ray.)
The kobold brigand hits you with a +0 dagger.
You die...

#.## #.....)# ..#
#.K....# #. #.# #......#
##. #.## #......#
###..#####..#####.#####
#.............##..#
#......~..~~#..#.##
#.....~~~~~~.#.#)#
#.....~~~~~~~~@#.#
#(....~~≈≈~~~..K.#
#....~~~≈♣≈♣~~#.##
#....~~~~♣≈♣~~..#
#....~~♣♣P♣♣≈~~.##
#...~~♣~~PP~♣♣~~.#####
###PP♣~~~P~~♣≈~~.....#
###PP~~P#..~~~~~.###...#
##..~~~P.##.~.♣~~...# .#


You could see a kobold brigand.

Vanquished Creatures
  2 orc priests
  A hound (D:4)
  2 orc wizards
  6 adders
  3 ufetubi
  A worm (D:3)
  5 dart slugs
  13 orcs
  6 ball pythons
  4 bats
  5 endoplasms
  5 giant cockroaches
  13 goblins
  7 hobgoblins
  2 jackals (D:1)
  7 kobolds
  3 quokkas
  6 frilled lizards
  9 rats
100 creatures vanquished.

Vanquished Creatures (others)
  2 fungi (D:1)
  48 plants (D:5)
50 creatures vanquished.

Grand Total: 150 creatures vanquished

Notes
Turn   | Place    | Note
-------+----------+-------------------------------------------
     0 | D:1      | DildoBatman the Formicid Conjurer began the quest for the
                  | Orb.
     0 | D:1      | Reached XP level 1. HP: 13/13 MP: 3/3
   196 | D:1      | Reached XP level 2. HP: 20/20 MP: 5/5
   199 | D:1      | Learned a level 2 spell: Searing Ray
   352 | D:1      | Reached skill level 1 in Fighting
   360 | D:1      | Reached skill level 1 in Armour
   360 | D:1      | Reached XP level 3. HP: 25/26 MP: 3/6
   791 | D:2      | Reached XP level 4. HP: 10/32 MP: 0/8
   952 | D:2      | Reached skill level 4 in Conjurations
  1111 | D:2      | Reached XP level 5. HP: 26/38 MP: 3/9
  1911 | D:3      | Found a faded altar of an unknown god.
  2378 | D:3      | Found a blossoming altar of Fedhas.
  2405 | D:3      | Reached XP level 6. HP: 45/46 MP: 7/11
  2687 | D:4      | Got the Secrets of Despicable Secrets and Impurities
  2692 | D:4      | Learned a level 3 spell: Vampiric Draining
  2968 | D:4      | Learned a level 2 spell: Sublimation of Blood
  3155 | D:5      | Entered Level 5 of the Dungeon
  3404 | D:5      | Slain by a kobold brigand

Illustrated notes

Levels and vault maps discovered:
D:1:      wander_arrival_fairy_ring, layout_basic, moated_statue, st_stairs_4
D:2:      layout_basic, nicolae_elevator_lobby_asterisk
D:3:      layout_basic, mainiacjoe_overflow_boulevard,
          hellmonk_ecumenical_altar_prayer_group, minivault_19
D:4:      layout_cave_pools
D:5:      layout_rooms, minmay_temple_entry_fiery, serial_shops, shop,
          serial_bayou_lagoon_a

Skill      XL: |  1  2  3  4  5  6 |
---------------+-------------------+-----
Dodging        | 2 |  2.0
Fighting       | 1 2 3 |  3.0
Armour         | 1 2 3 |  3.0
Conjurations   | 4 |  4.7
Spellcasting   | 3 |  3.9
Stealth        | |  2.4

Action                   |  1- 3 |  4- 6 || total
-------------------------+-------+-------++-------
Melee: Unarmed           |     7 |       ||     7
       Dagger            |     4 |    74 ||    78
       Punch             |       |     2 ||     2
 Fire: Sling             |    67 |   118 ||   185
 Cast: Magic Dart        |    13 |    34 ||    47
       Searing Ray       |     3 |    21 ||    24
  Use: Scroll            |       |     4 ||     4
 Stab: Sleeping          |     1 |       ||     1
Armor: Robe              |     3 |    11 ||    14
Dodge: Dodged            |    20 |    24 ||    44
